 Dungeon Crawl Stone Soup version 0.32-a0-868-g153ae1a8d6 (webtiles) character file.

Game seed: 857108362895344615

848 KennySheep the Conjurer (level 7, -6/36 HPs)
             Began as a Deep Elf Conjurer on Mar 28, 2024.
             Was a Follower of Cheibriados.
             Mangled by Duvessa
             ... wielding a +0 rapier
              (8 damage)
             ... on level 4 of the Dungeon.
             The game lasted 00:15:35 (5187 turns).

KennySheep the Conjurer (Deep Elf Conjurer)         Turns: 5187, Time: 00:15:36

Health: -6/36      AC:  3    Str:  6    XL:     7   Next: 69%
Magic:  6/18       EV: 12    Int: 27    God:    Cheibriados [*.....]
Gold:   73         SH:  0    Dex: 21    Spells: 7/18 levels left

rFire   . . .        w - +2 dagger (flame)
rCold   . . .        (no shield)
rNeg    . . .        a - +1 robe
rPois   +            (no helmet)
rElec   .            (no cloak)
rCorr   .            (no gloves)
SInv    .            (no boots)
Will    .....        (no amulet)
Stlth   ++           e - ring of poison resistance
HPRegen 0.26/turn    i - +6 ring of dexterity
MPRegen 0.16/turn

%: no passive effects
@: about to teleport, very slightly contaminated, very slow
A: no striking features
a: Renounce Religion, Bend Time


You were on level 4 of the Dungeon.
You worshipped Cheibriados.
Cheibriados was aware of your devotion.
You visited 2 branches of the dungeon, and saw 6 of its levels.

You collected 218 gold pieces.
You spent 145 gold pieces at shops.

Inventory:

Hand Weapons
 d - a +2 whip of freezing
 w - a +2 dagger of flaming (weapon)
Armour
 a - a +1 robe (worn)
Jewellery
 e - a ring of poison resistance (left hand)
 i - a +6 ring of dexterity (right hand)
 n - a ring of protection from fire
 v - a ring of resist corrosion
Wands
 q - a wand of flame (23)
Scrolls
 c - a scroll of torment
 l - a scroll of noise
 m - a scroll of immolation {unknown}
 o - a scroll of enchant armour
 r - a scroll of revelation
 u - a scroll of silence {unknown}
Potions
 b - a potion of magic
 f - a potion of heal wounds {unknown}
 g - a potion of might {unknown}
 h - a potion of haste {unknown}
 k - 6 potions of curing
 p - a potion of ambrosia
 s - a potion of enlightenment
 t - a potion of brilliance {unknown}


   Skills:
 - Level 2.4 Dodging
 - Level 2.4 Stealth
 + Level 6.0 Spellcasting
 * Level 7.6 Conjurations
 * Level 5.5 Translocations


You had 7 spell levels left.
You knew the following spells:

 Your Spells              Type           Power      Damage    Failure   Level
a - Magic Dart            Conj           100%       1d8       1%          1
b - Searing Ray           Conj           98%        2d8       1%          2
c - Iskenderun's Mystic   Conj/Tloc      43%        2d10      (+2d54%     4
d - Fulminant Prism       Conj/Alch      14%        3d9       13%         4

Your spell library contained the following spells:

 Spells                   Type           Power      Damage    Failure   Level
 Mephitic Cloud           Conj/Alch/Air  21%        N/A       7%          3
 Mercury Vapours          Alch/Air       16%        N/A       10%         2
 Inner Flame              Hex/Fire       8%         N/A       19%         3
 Irradiate                Conj/Alch      14%        3d16      36%         5
 Freezing Cloud           Conj/Ice/Air   10%        6-21      54%         5
 Ignition                 Fire           4%         3d4       100%        8


Dungeon Overview and Level Annotations

Branches:
Dungeon (5/15)             Temple (1/1) D:5

Altars:
Ashenzari
Cheibriados
Fedhas
Gozag
Hepliaklqana
Kikubaaqudgha
Makhleb
Nemelex Xobeh
Qazlal
Ru
Sif Muna
Uskayaw
The Shining One

Shops:
D:4 *?=[

Annotations:
D:4 2 runed translucent doors, Dowan; Duvessa; gelatine's ghost, amateur DsFi


Message History

Aiming: Searing Ray (safe; 1% risk of failure)
Press: ? - help, Shift-Dir - straight line, f - Duvessa
Aim: Duvessa, wielding a +0 rapier and wearing a +0 ring mail (asleep, 100% to hit)
The searing ray hits Duvessa.
Duvessa is lightly wounded.
Duvessa shouts! (Press . to maintain the ray.)
You hear a shout! x2
The searing ray hits Duvessa!
Duvessa is moderately wounded.
Dowan, Brother of Duvessa comes into view.
He is wielding a +0 dagger of venom and carrying a wand of flame.
The searing ray hits Duvessa.
Duvessa is heavily wounded.
Duvessa misses you.
Dowan points at Duvessa and mumbles some strange words.
Duvessa seems to speed up.
The searing ray hits Duvessa!
Duvessa is severely wounded.
You finish channelling your searing ray.
Duvessa hits you with a +0 rapier!
Dowan gestures wildly while chanting.
Dowan blinks!
Casting: Searing Ray (safe; 1% risk of failure)
Confirm with . or Enter, or press ? or * to list all spells.
You erupt in a blast of force!
The mystic blast hits Duvessa but does no damage.
Duvessa is severely wounded.
You hear a shout!
Duvessa hits you with a +0 rapier! Duvessa closely misses you.
Casting: Iskenderun's Mystic Blast (quite dangerous; 4% risk of failure)
Confirm with . or Enter, or press ? or * to list all spells.
You miscast Iskenderun's Mystic Blast.
You are very lightly contaminated with residual magic.
Nothing appears to happen.
Duvessa hits you with a +0 rapier!
As you read the scroll of teleportation, it crumbles to dust.
You feel strangely unstable. Duvessa hits you with a +0 rapier!
* * * LOW HITPOINT WARNING * * *
Duvessa hits you with a +0 rapier!
You die...
Cheibriados appreciates the motionlessness of death.

[###.##..###.##########
.###.........#
..#####..##### ..# #..#
..#####..# .........##
..........# #######
..######..# ###.......
#.######..# #.@....#
......##..#####.#e##.#
..###...........#.#
..####.....######..
..........## ##.
.<.#####.## .. ...# #.#
## ...# #.# ...# ##'##


You could see Duvessa (fast).

Vanquished Creatures
  Sigmund (D:2)
  A sky beast (D:5)
  A centaur (D:4)
  A kobold brigand (D:5)
  A scorpion (D:4)
  A bombardier beetle (D:5)
  A jelly (D:5)
  A sleepcap (D:5)
  A hound (D:3)
  An iguana (D:5)
  Natasha (D:2)
  2 orc wizards (D:3)
  7 gnolls
  An adder (D:4)
  A shadow imp (D:5)
  2 dart slugs
  17 orcs
  5 ball pythons
  3 endoplasms
  2 giant cockroaches
  3 goblins
  4 hobgoblins
  2 jackals (D:5)
  10 kobolds
  A quokka (D:1)
  A bat (D:3)
  3 frilled lizards
  5 rats
80 creatures vanquished.

Notes
Turn   | Place    | Note
-------+----------+-------------------------------------------
     0 | D:1      | KennySheep the Deep Elf Conjurer began the quest for the
                  | Orb.
     0 | D:1      | Reached XP level 1. HP: 10/10 MP: 6/6
   390 | D:1      | Reached XP level 2. HP: 11/15 MP: 4/8
   476 | D:1      | Learned a level 2 spell: Searing Ray
  1188 | D:2      | Reached skill level 1 in Translocations
  1189 | D:2      | Reached skill level 5 in Conjurations
  1189 | D:2      | Reached XP level 3. HP: 6/19 MP: 0/10
  1643 | D:2      | Noticed Sigmund
  1763 | D:3      | Reached XP level 4. HP: 24/24 MP: 8/12
  1768 | D:3      | Learned a level 4 spell: Iskenderun's Mystic Blast
  1904 | D:3      | Learned a level 4 spell: Fulminant Prism
  1919 | D:3      | Reached XP level 5. HP: 19/28 MP: 1/13
  2436 | D:4      | Found a runed translucent door.
  2439 | D:4      | Noticed gelatine's ghost (amateur DsFi)
  2462 | D:4      | Found a runed translucent door.
  2714 | D:4      | Reached skill level 6 in Conjurations
  2840 | D:4      | Found Pypsom's Magic Scroll Shoppe.
  2840 | D:4      | Found a broken altar of Ashenzari.
  2846 | D:4      | Bought a scroll of revelation for 97 gold pieces
  2846 | D:4      | Bought a scroll of identify for 26 gold pieces
  2871 | D:4      | Found Ikoume's Antique Armour Boutique.
  3025 | D:4      | Found Ziorreis's Jewellery Shoppe.
  3136 | D:4      | Noticed Duvessa
  3244 | D:2      | Killed Sigmund
  3245 | D:2      | Reached skill level 5 in Spellcasting
  3245 | D:2      | Reached XP level 6. HP: 32/32 MP: 8/15
  3410 | D:2      | Noticed Natasha
  3413 | D:2      | Killed Natasha
  3845 | D:4      | Reached skill level 7 in Conjurations
  3845 | D:4      | Reached XP level 7. HP: 28/36 MP: 7/17
  3906 | D:4      | Found Uqihuup's General Store.
  3914 | D:4      | Bought a scroll of identify for 22 gold pieces
  4118 | D:5      | Entered Level 5 of the Dungeon
  4183 | D:5      | Found a staircase to the Ecumenical Temple.
  4196 | Temple   | Entered the Ecumenical Temple
  4251 | Temple   | Became a worshipper of Cheibriados the Contemplative
  4320 | D:5      | Reached skill level 5 in Translocations
  4527 | D:5      | Found a glowing golden altar of the Shining One.
  4776 | D:5      | Reached * piety under Cheibriados
  5182 | D:4      | Noticed Dowan
  5187 | D:4      | Mangled by Duvessa

Illustrated notes

Levels and vault maps discovered:
D:1:      lemuel_arrival_funnel, layout_basic
D:2:      layout_loops_cross, uniq_sigmund, uniq_natasha
D:3:      layout_rooms, mrwooster_statue_mirror, kennysheep_generic_room_15
D:4:      layout_loops_corners, mainiacjoe_overflow_small_starburst,
          serial_shops, shop, nicolae_shop_tiny_glass, shop, shop,
          ebering_ghost_sewer_f, uniq_duvessa
D:5:      layout_cave_pools, kennysheep_mini, minmay_temple_entry_ruins
Temple:   minmay_temple_curvy_loop

Skill      XL: |  1  2  3  4  5  6  7 |
---------------+----------------------+-----
Translocations | 1 2 3 4 5 |  5.5
Conjurations   | 5 6 7 |  7.6
Spellcasting   | 4 5 6 |  6.0
Dodging        | |  2.4
Stealth        | |  2.4

Action                     |  1- 3 |  4- 6 |  7- 9 || total
---------------------------+-------+-------+-------++-------
  Melee: Whip              |       |       |     1 ||     1
   Cast: Magic Dart        |    37 |    59 |    37 ||   133
         Searing Ray       |     2 |     9 |     7 ||    18
         Iskenderun's Myst |       |       |     6 ||     6
  Evoke: Wand              |       |       |     2 ||     2
    Use: Scroll            |       |     2 |     5 ||     7
         Potion            |       |     1 |     3 ||     4
 Armour: Robe              |     2 |    13 |    15 ||    30
  Dodge: Dodged            |     6 |    13 |    13 ||    32

Table legend: (Time is in decaauts)
 A = Elapsed time spent in this place.
 B = Non-inter-level travel time spent in this place.
 C = Inter-level travel time spent in this place.
 D = Time resting spent in this place.
 E = Time spent auto-exploring this place.
 F = Levels seen in this place.
 G = Mean time per level.
                   A        B        C        D        E       F      G
               +--------+--------+--------+--------+--------+-----+--------+
         Total |   5361 |   4890 |    471 |    498 |   3849 |   6 |  893.5 |
       Dungeon |   5263 |   4888 |    375 |    498 |   3849 |   5 | 1052.6 |
        Temple |     98 |      3 |     95 |      0 |      0 |   1 |   98.0 |
               +--------+--------+--------+--------+--------+-----+--------+

Top non-repeatable levels by time:
     D:4: 1463 daAuts
     D:1: 1229 daAuts
     D:2: 938 daAuts
     D:5: 877 daAuts
     D:3: 753 daAuts
  Temple: 98 daAuts
